 Dungeon Crawl Stone Soup version 0.32-a0-30-gefbe487952 (webtiles) character file.

Game seed: 14874065711745175438

37 Malachi the Digger (level 3, 0/26 HPs)
             Began as a Demigod Earth Elementalist on Jan 19, 2024.
             Slain by an adder (3 damage)
             ... on level 2 of the Dungeon.
             The game lasted 00:01:29 (1376 turns).

Malachi the Digger (Demigod Earth Elementalist)     Turns: 1376, Time: 00:01:29

Health: 0/26       AC:  2    Str:  9    XL:     3   Next: 7%
Magic:  9/9        EV: 12    Int: 21    God:
Gold:   72         SH:  0    Dex: 14    Spells: 5/6 levels left

rFire   . . .        g - +0 sling
rCold   . . .        (no shield)
rNeg    . . .        a - +0 robe
rPois   .            (no helmet)
rElec   .            (no cloak)
rCorr   .            (no gloves)
SInv    .            (no boots)
Will    .....        (no amulet)
Stlth   ++           (no ring)
HPRegen 0.24/turn    (no ring)
MPRegen 0.11/turn

%: no passive effects
@: lethally poisoned (0 -> -1)
A: high MP 1, forlorn, divine attributes
a: no special abilities


You were on level 2 of the Dungeon.
You visited 1 branch of the dungeon, and saw 2 of its levels.

You collected 72 gold pieces.

Inventory:

Hand Weapons
 f - a +0 dagger of speed
 g - a +0 sling (weapon)
Armour
 a - a +0 robe (worn)
Scrolls
 c - a scroll of revelation {unknown}
 h - a scroll of fog {unknown}
 i - a scroll of identify {unknown}
Potions
 b - a potion of magic
 d - a potion of cancellation {unknown}
 e - a potion of curing {unknown}


   Skills:
 - Level 2.0 Dodging
 - Level 2.0 Stealth
 + Level 2.2 Spellcasting
 + Level 1.6 Conjurations
 + Level 3.0 Earth Magic


You had 5 spell levels left.
You knew the following spells:

 Your Spells              Type           Power      Damage    Failure   Level
a - Sandblast             Erth           30%        2d9       4%          1

Your spell library contained the following spells:

 Spells                   Type           Power      Damage    Failure   Level
 Kiss of Death            Conj/Necr      20%        2d7       11%         1
 Passwall                 Erth           15%        N/A       12%         3
 Stone Arrow              Conj/Erth      24%        3d8       17%         3
 Lesser Beckoning         Tloc           4%         N/A       22%         2
 Confusing Touch          Hex            2%         N/A       41%         3
 Gell's Gravitas          Tloc           2%         N/A       41%         3
 Teleport Other           Tloc           2%         N/A       41%         3
 Brom's Barrelling Bould  Conj/Erth      12%        2d4       50%         4
 Petrify                  Alch/Erth      8%         N/A       58%         4
 Dispel Undead            Necr           2%         3d7       82%         4


Dungeon Overview and Level Annotations

Branches:
Dungeon (2/15)


Innate Abilities, Weirdness & Mutations

You have an increased reservoir of magic. (+10% MP)
You shall have no god before yourself.
Your divine heritage dramatically boosts your attributes as you level up.


Message History

Fire: g) +0 sling
Press: ? - help, Q - select action, (/) - cycle Shift-Dir - straight line, f/p - adder
Aim: an adder (severely wounded, 32% to hit)
You shoot a sling bullet.
The sling bullet barely misses the adder.
You feel sick. The adder completely misses you.
The giant cockroach closely misses you. The adder bites you.
You are more poisoned.
The adder poisons you! The giant cockroach misses you.
Fire: g) +0 sling
Press: ? - help, Q - select action, (/) - cycle Shift-Dir - straight line, f/p - adder
Aim: an adder (severely wounded, 32% to hit)
You shoot a sling bullet.
The sling bullet barely misses the adder.
You feel sick. The adder closely misses you.
The giant cockroach closely misses you. The adder bites you.
Fire: g) +0 sling
Press: ? - help, Q - select action, (/) - cycle Shift-Dir - straight line, f/p - adder
Aim: an adder (severely wounded, 32% to hit)
You shoot a sling bullet.
The sling bullet barely misses the adder.
You feel sick.
The giant cockroach bites you but does no damage.
The adder bites you but does no damage. The giant cockroach barely misses you.
Fire: g) +0 sling
Press: ? - help, Q - select action, (/) - cycle Shift-Dir - straight line, f/p - adder
Aim: an adder (heavily wounded, 32% to hit)
You shoot a sling bullet. The sling bullet misses the adder.
You feel sick. The adder barely misses you.
The giant cockroach bites you but does no damage.
The adder bites you.
* * * LOW HITPOINT WARNING * * *
The giant cockroach waves its antennae.
The giant cockroach barely misses you.
Fire: g) +0 sling
Press: ? - help, Q - select action, (/) - cycle Shift-Dir - straight line, f/p - adder
Aim: an adder (heavily wounded, 32% to hit)
You shoot a sling bullet. The sling bullet misses the adder.
You feel sick. The adder bites you.
You die...

## ... ....
.....#########.
...$..B$.......
......S@.#
.....###.#####.##
... +..)).......
. ####.####.##
#.## #..# ##.#
#.# #.#


You could see an adder and a giant cockroach.

Vanquished Creatures
  An orc (D:2)
  2 ball pythons
  2 bats
  3 endoplasms
  4 hobgoblins (D:1)
  2 quokkas (D:1)
  2 frilled lizards (D:1)
  7 goblins
  5 kobolds
  2 rats (D:1)
30 creatures vanquished.

Notes
Turn   | Place    | Note
-------+----------+-------------------------------------------
     0 | D:1      | Malachi the Demigod Earth Elementalist began the quest for
                  | the Orb.
     0 | D:1      | Reached XP level 1. HP: 14/14 MP: 5/5
    83 | D:1      | Reached skill level 1 in Conjurations
   379 | D:1      | Reached XP level 2. HP: 18/20 MP: 2/7
  1015 | D:1      | Reached skill level 3 in Earth Magic
  1339 | D:2      | Reached XP level 3. HP: 26/26 MP: 8/8
  1376 | D:2      | Slain by an adder

Illustrated notes

Levels and vault maps discovered:
D:1:      lemuel_arrival_cross, layout_basic, serial_corexii_hall,
          corexii_hall_statues_l, chequers_hall_statues_corner_a,
          minmay_misc_feat_chi
D:2:      layout_basic, basic_altar

Skill      XL: |  1  2 |
---------------+-------+-----
Conjurations   | 1 |  1.6
Stealth        | 2 |  2.0
Dodging        | 2 |  2.0
Spellcasting   | 2 |  2.2
Earth Magic    | 3 |  3.0

Action                     || total
---------------------------++-------
  Melee: Unarmed           ||     2
   Fire: Sling             ||    74
   Cast: Sandblast         ||    23
 Armour: Robe              ||    42
  Dodge: Dodged            ||    57

Table legend: (Time is in decaauts)
 A = Elapsed time spent in this place.
 B = Non-inter-level travel time spent in this place.
 C = Inter-level travel time spent in this place.
 D = Time resting spent in this place.
 E = Time spent auto-exploring this place.
 F = Levels seen in this place.
 G = Mean time per level.
                   A        B        C        D        E       F      G
               +--------+--------+--------+--------+--------+-----+--------+
         Total |   1415 |   1381 |     34 |     53 |   1116 |   2 |  707.5 |
       Dungeon |   1415 |   1381 |     34 |     53 |   1116 |   2 |  707.5 |
               +--------+--------+--------+--------+--------+-----+--------+

Top non-repeatable levels by time:
     D:1: 1100 daAuts
     D:2: 314 daAuts
